Description

proxy immortals

Replay - Immortal Drop vs Ruff Replay

Build Order

Get SALT Encoding   

  12  0:00  Probe  
  13  0:12  Probe  
  14  0:18  Pylon  
  14  0:21  Probe  
  15  0:32  Probe  
  15  0:39  Gateway  
  16  0:43  Probe  
  16  0:48  Assimilator  
  17  0:55  Probe  
  18  0:57  Assimilator  
  18  1:07  Probe  
  19  1:14  Assimilator  
  19  1:19  Probe  
  20  1:26  Cybernetics Core  
  20  1:31  Probe  
  21  1:45  Pylon  
  22  1:47  Probe  
  22  1:53  Adept  
  22  2:07  Robotics Facility x2  
  24  2:15  Pylon  
  24  2:35  Adept  
  26  2:48  Immortal x2  
  32  3:21  Pylon  
  32  3:27  Warp Prism  
  34  3:39  Immortal  
  34  4:03  Immortal  
  36  4:18  Shield Battery x2  
  36  4:25  Immortal  
  40  4:51  Immortal  
  44  5:50  Shield Battery  
  44  5:52  Pylon  
Spawning Tool Build Advisor. Get it on Overwolf

Go to:

Details

  • Created by: siegel_scott
  • Published on: Mar 07, 2019
  • Modified on: Mar 07, 2019
  • Patch: 4.7.1
Show
View Real Time Build Order
Export as new Build Order

Comments (0)

There are no comments. Be the first!

Create an account to comment!